 Dungeon Crawl Stone Soup version 0.29.1-15-g9cfb28693d (webtiles) character file.

Game seed: 1571083584526740880

545 Ast3rio the Chopper (level 7, -15/61 HPs)
             Began as a Minotaur Berserker on Mar 14, 2023.
             Was a Believer of Trog.
             Demolished by an ogre
             ... wielding a +0 giant club
              (32 damage)
             ... on level 5 of the Dungeon.
             The game lasted 00:04:30 (3251 turns).

Ast3rio the Chopper (Minotaur Berserker)            Turns: 3251, Time: 00:04:31

Health: -15/61     AC:  9    Str: 23    XL:     7   Next: 6%
Magic:  6/6        EV:  9    Int:  4    God:    Trog [**....]
Gold:   277        SH:  0    Dex: 10    Spells: 6/6 levels left

rFire   . . .      SeeInvis .   a - +0 hand axe
rCold   . . .      Faith    .   (no shield)
rNeg    . . .      Spirit   .   l - +0 chain mail
rPois   .          Reflect  .   (helmet restricted)
rElec   .          Harm     .   (no cloak)
rCorr   .          Rampage  .   (no gloves)
Will    .....                   (no boots)
Stlth   ..........              (no amulet)
HPRegen 0.20/turn               (no ring)
MPRegen 0.10/turn               (no ring)

@: no status effects
A: horns 2, retaliatory headbutt
a: Renounce Religion, Berserk, Trog's Hand


You were on level 5 of the Dungeon.
You worshipped Trog.
Trog was pleased with you.
You visited 1 branch of the dungeon, and saw 4 of its levels.

You collected 277 gold pieces.

Inventory:

Hand Weapons
 a - a +0 hand axe (weapon)
Armour
 b - a +0 animal skin
 l - a +0 chain mail (worn)
Jewellery
 f - a ring of protection from cold
 o - the amulet "Puguqec" {RegenMP Fragile Int+4 SInv}
   (You found it on level 4 of the Dungeon)

   [amulet of magic regeneration]

   It increases your rate of magic regeneration.
   Int:       It affects your intelligence (+4).
   SInv:      It lets you see invisible.
   Fragile:   It will be destroyed if unequipped.
Scrolls
 d - 2 scrolls of blinking {unknown}
 e - 3 scrolls of identify {unknown}
 i - a scroll of noise {unknown}
 j - a scroll of poison {unknown}
 m - a scroll of enchant weapon {unknown}
 n - a scroll of summoning {unknown}
 q - a scroll of teleportation {unknown}
 r - a scroll of enchant armour {unknown}
Potions
 c - 3 potions of curing {unknown}
 g - a potion of lignification {unknown}
 h - a potion of haste {unknown}
 k - 2 potions of heal wounds {unknown}
 p - a potion of ambrosia {unknown}
 s - a potion of brilliance {unknown}


   Skills:
 + Level 5.3 Fighting
 + Level 6.5 Axes
 + Level 4.9 Armour
 + Level 3.5 Dodging
 + Level 1.5 Stealth


You had 6 spell levels left.
You didn't know any spells.
Your spell library was empty.

Dungeon Overview and Level Annotations

Branches:
Dungeon (5/15)             Temple (0/1) D:4

Altars:
Gozag
Wu Jian

Shops:
D:1 [   D:2 (


Innate Abilities, Weirdness & Mutations

You have a pair of horns on your head.
You reflexively headbutt those who attack you in melee.


Message History

You slash the iguana!
You kill the iguana!
Trog accepts your kill.
You slash the ogre!
The ogre is moderately wounded.
The ogre closely misses you. You furiously retaliate!
You headbutt the ogre. You barely miss the ogre.
The ogre is moderately wounded.
You slash the ogre!
The ogre is severely wounded.
The ogre hits you with a +0 giant club!!
You hit the ogre.
The ogre is severely wounded.
The ogre barely misses you.
You hit the ogre.
The ogre is almost dead.
You barely miss the ogre. Your headbutt misses the ogre.
The ogre is almost dead.
The ogre hits you with a +0 giant club!
You are too injured to fight recklessly!
You are too injured to fight recklessly!
You are too injured to fight recklessly!
You are too injured to fight recklessly!
You slash the ogre!
You kill the ogre!
Trog accepts your kill.
You have reached level 7!
You start resting.
An ogre comes into view. It is wielding a +0 giant club.
An ogre is nearby!
The ogre shouts!
You hit the ogre.
The ogre is lightly wounded.
The ogre hits you with a +0 giant club!
* * * LOW HITPOINT WARNING * * *
You hit the ogre. Your headbutt misses the ogre.
The ogre is lightly wounded.
The ogre hits you with a +0 giant club!!
Ouch! That really hurt!
You die...

### #........ #.#
#........ #.# #........
#.# #........
##########.#####........
.................)>##.#
###############<.#....##
### #......##.........
..## #......##.@.......
#..####......##.O.......
..............#.#....#..
#..####.......#.##.### #
...# #.......#.# .. .†.#
####....#.# .## #..####
######.# .. ......# ...#
# ##....# ##


You could see an ogre.

Vanquished Creatures
  The ghost of pokedragonboy the Covered, an amateur MeFi (D:4)
  An ogre (D:5)
  A kobold brigand (D:4)
  A scorpion (D:4)
  A howler monkey (D:4)
  A hound (D:5)
  A gnoll bouda (D:4)
  2 iguanas
  An adder (D:5)
  A white imp (D:5)
  An ufetubus (D:5)
  3 worms (D:2)
  2 dart slugs
  6 orcs
  4 ball pythons
  4 bats
  4 endoplasms
  A giant cockroach (D:4)
  3 goblins
  5 hobgoblins
  3 jackals (D:1)
  7 kobolds
  4 quokkas
  2 frilled lizards (D:1)
  3 rats
63 creatures vanquished.

Notes
Turn   | Place    | Note
-------+----------+-------------------------------------------
     0 | D:1      | Ast3rio the Minotaur Berserker began the quest for the Orb.
     0 | D:1      | Reached XP level 1. HP: 19/19 MP: 0/0
   362 | D:1      | Reached XP level 2. HP: 27/27 MP: 1/1
   365 | D:1      | Reached skill level 4 in Axes
   692 | D:1      | Found Wifuvor's Antique Armour Shoppe.
   962 | D:1      | Found a faded altar of an unknown god.
  1227 | D:2      | Reached XP level 3. HP: 33/33 MP: 2/2
  1299 | D:2      | Reached ** piety under Trog
  1590 | D:2      | Found Gaazxy's Weapon Shoppe.
  1942 | D:2      | You fall into a shaft and drop 2 floors!
  1949 | D:4      | Found a runed translucent gate.
  1950 | D:4      | Found a runed translucent gate.
  1950 | D:4      | Found an opulent altar of Gozag.
  1951 | D:4      | Found a runed translucent gate.
  1954 | D:4      | Noticed pokedragonboy's ghost (amateur MeFi)
  1974 | D:4      | Identified the amulet "Puguqec" {RegenMP Fragile Int+4
                  | SInv}
  2091 | D:4      | Reached XP level 4. HP: 13/41 MP: 3/3
  2319 | D:4      | Noticed a kobold brigand
  2320 | D:4      | Noticed a scorpion
  2332 | D:4      | Killed a scorpion
  2333 | D:4      | Reached skill level 5 in Axes
  2333 | D:4      | Reached skill level 1 in Stealth
  2333 | D:4      | Reached XP level 5. HP: 34/47 MP: 4/4
  2343 | D:4      | Reached skill level 5 in Fighting
  2610 | D:4      | Reached XP level 6. HP: 56/56 MP: 5/5
  2610 | D:4      | Killed pokedragonboy's ghost
  2611 | D:4      | Reached skill level 6 in Axes
  2731 | D:4      | Found a staircase to the Ecumenical Temple.
  2814 | D:4      | Found an ornate altar of the Wu Jian Council.
  3054 | D:5      | Entered Level 5 of the Dungeon
  3230 | D:5      | Reached XP level 7. HP: 27/61 MP: 6/6
  3251 | D:5      | Demolished by an ogre

Illustrated notes

Levels and vault maps discovered:
D:1:      minmay_arrival_five_plusses, layout_loops_ring, serial_shops,
          nicolae_shop_waterfront, dilly_ecumenical_altar_fadedgnrine
D:2:      layout_loops_ring, serial_shops, shop, uniq_terence
D:4:      layout_cave_pools, mainiacjoe_overflow_brackets,
          minmay_temple_entry_fiery, ebering_ghost_gozag, minmay_crystal_room
D:5:      layout_basic, lemuel_crystal_altar, mainiacjoe_overflow_alcove_4,
          serial_co_window_serial, co_window_paths_a, co_window_cross_1,
          co_window_paths_a, co_window_corner_a, co_window_corner_a,
          co_window_paths_c, co_window_corner_cb, co_window_unsneaky_path_b,
          co_window_corner_cb, co_window_corner_b, co_window_paths_c,
          co_window_broadway_c, co_window_paths_d, co_window_paths_e,
          glass_columns_a, minmay_mini_ossuary

Skill      XL: |  1  2  3  4  5  6 |
---------------+-------------------+-----
Axes           | 4 5 6 |  6.5
Fighting       | 4 5 |  5.3
Armour         | 3 4 |  4.9
Dodging        | 3 |  3.5
Stealth        | 1 |  1.5

Action                   |  1- 3 |  4- 6 |  7- 9 || total
-------------------------+-------+-------+-------++-------
Melee: Hand axe          |    82 |    60 |     2 ||   144
       Headbutt          |    14 |     8 |       ||    22
       Punch             |     3 |       |       ||     3
Invok: Berserk           |       |     2 |       ||     2
Armor: Animal skin       |     5 |       |       ||     5
       Chain mail        |    10 |    34 |       ||    44
Dodge: Dodged            |    46 |    37 |       ||    83
